 Dungeon Crawl Stone Soup version 0.24-a0-114-g5d539f0 (console) character file.

Game seed: 5926234869496619144

6 Duffy the Caller (level 1, 15/15 HPs)
             Began as a Naga Summoner on Feb 15, 2019.
             Quit the game on level 1 of the Dungeon.
             The game lasted 00:00:34 (211 turns).

Duffy the Caller (Naga Summoner)                     Turns: 211, Time: 00:00:35

Health: 15/15      AC:  3    Str: 10    XL:     1   Next: 90%
Magic:  3/3        EV:  8    Int: 15    God:
Gold:   12         SH:  0    Dex: 11    Spells: 3/4 levels left

rFire    . . .     SeeInvis +   c - ration
rCold    . . .     Gourm    .   (no shield)
rNeg     . . .     Faith    .   g - +0 ring mail (curse)
rPois    +         Spirit   .   e - +0 helmet
rElec    .         Reflect  .   (no cloak)
rCorr    .         Harm     .   (no gloves)
MR       .....                  (no barding)
Stlth    +.........             (no amulet)
HPRegen  0.05/turn              (no ring)
MPRegen  0.08/turn              (no ring)

@: about to teleport, very slow
A: large, see invisible, deformed body, poison resistance, slowness 2, slow
metabolism 1, spit poison 1, AC +0
a: Spit Poison


You were on level 1 of the Dungeon.
You were not hungry.

You visited 1 branch of the dungeon, and saw 1 of its levels.

You collected 12 gold pieces.

Inventory:

Armour
 a - a +0 robe
 e - a +0 helmet (worn)
 g - a cursed +0 ring mail (worn)
Potions
 d - a potion of invisibility {unknown}
Comestibles
 c - a ration (in hand)


   Skills:
 - Level 1.5 Dodging
 - Level 3.0 Stealth
 + Level 2.2 Spellcasting
 + Level 4.1 Summonings


You had 3 spell levels left.
You knew the following spells:

 Your Spells              Type           Power        Failure   Level  Hunger
h - Summon Small Mammal   Summ           ##..         11%         1    #......

Your spell library contained the following spells:

 Spells                   Type           Power        Failure   Level  Hunger
 Call Imp                 Summ           ##......     16%         2    ###....
 Call Canine Familiar     Summ           ##......     30%         3    ###....
 Summon Guardian Golem    Hex/Summ       #.......     58%         3    ###....
 Summon Ice Beast         Ice/Summ       #.......     94%         4    #####..
 Summon Lightning Spire   Summ/Air       #.......     94%         4    #####..


Dungeon Overview and Level Annotations

Branches:
Dungeon (1/15)

Altars:


Innate Abilities, Weirdness & Mutations

You cannot wear boots.
Your serpentine skin is tough. (AC +0)
You have supernaturally acute eyesight. (SInv)
Armour fits poorly on your strangely shaped body.
Your system is resistant to poisons. (rPois)
You cover ground very slowly.
You have a slow metabolism.
You can spit poison.


Message History

You kill the rat!
You feel slightly more hungry.
You see here a hobgoblin corpse.
You now have 12 gold pieces (gained 7).
You have got your breath back.
f - a scroll labeled CIXZIT ANUO You see here a shiny ring mail.
g - a shiny ring mail Wear which item? (? for menu, Esc to quit)
You start removing your armour.
You continue taking off your +0 robe. x4
You finish taking off your +0 robe.
You start putting on your armour.
You continue putting on your shiny ring mail. x3
All of the chunks of flesh in your inventory have rotted away.
You continue putting on your shiny ring mail. x2
You finish putting on your cursed +0 ring mail.
Oops, that feels deathly cold.
As you read the scroll labeled CIXZIT ANUO, it crumbles to dust.
You feel strangely unstable.
It was a scroll of teleportation.
Are you sure you want to abandon this character and quit the game? (Confirm with "yes".)

.# ### # . ... #.##.
..#.#... .. #.##..#
..#.#...#####
####.##.......#
#@..#.........# #
#...#.....(...# #[
#.%.#.....#####
#..####.##....####
#......#.#.......###
#.#.#..##.##.......###
##...#.#..........
#.###..##.##........
#........#)#........


There were no monsters in sight!

Vanquished Creatures
  A giant cockroach (D:1)
  2 hobgoblins (D:1)
  A frilled lizard (D:1)
  2 rats (D:1)
6 creatures vanquished.

Notes
Turn   | Place    | Note
-------+----------+-------------------------------------------
     0 | D:1      | Duffy the Naga Summoner began the quest for the Orb.
     0 | D:1      | Reached XP level 1. HP: 15/15 MP: 3/3
   211 | D:1      | Quit the game

Levels and vault maps discovered:
D:1:      lightli_arrival_chessboard, layout_rooms, minmay_vboxes

Action                   || total
-------------------------++-------
 Abil: Spit Poison       ||     7
  Use: Scroll            ||     1

Table legend:
 A = Non-vault XP
 B = Vault XP
 C = Vault XP percentage of total XP
 D = Non-vault monster count
 E = Vault monster count
 F = Vault count percentage of total count
                 A         B        C        D         E       F
            +---------+---------+-------+---------+---------+-------
      Total |       6 |       3 |  33.3 |       4 |       2 |  33.3
            +---------+---------+-------+---------+---------+-------
        D:1 |       6 |       3 |  33.3 |       4 |       2 |  33.3
            +---------+---------+-------+---------+---------+-------
